 Dungeon Crawl Stone Soup version 0.20-a0-556-g892c87b (webtiles) character file.

71 drasked the Magician (level 4, -1/24 HPs)
             Began as a Deep Elf Fire Elementalist on Feb 5, 2017.
             Slain by an orc
             ... wielding a +0 flail
              (7 damage)
             ... on level 3 of the Dungeon.
             The game lasted 00:05:13 (1952 turns).

drasked the Magician (Deep Elf Fire Elementalist)   Turns: 1952, Time: 00:05:14

Health: -1/24      AC:  2    Str:  2 (5)  XL:     4   Next: 5%
Magic:  6/12       EV: 12    Int: 20 (21) God:
Gold:   109        SH:  0    Dex: 12 (15) Spells: 5/11 levels left

rFire    . . .     SeeInvis .   m - +0 dagger
rCold    . . .     Gourm    .   a - +0 robe
rNeg     . . .     Faith    .   (no shield)
rPois    .         Spirit   .   (no helmet)
rElec    .         Reflect  .   (no cloak)
rCorr    .         Harm     .   (no gloves)
MR       .....                  (no boots)
Stlth    ++........             (no amulet)
Regen    0.1/turn               (no ring)
                                (no ring)

@: no status effects
A: no striking features
a: no special abilities


You were on level 3 of the Dungeon.
You were hungry.

You visited 1 branch of the dungeon, and saw 3 of its levels.

You collected 109 gold pieces.

Inventory:

Hand Weapons
 m - a +0 dagger (weapon)
   (You took it off a kobold on level 1 of the Dungeon)
Armour
 a - a +0 robe (worn)
 q - a +0 pair of gloves
   (You found it on level 3 of the Dungeon)
Jewellery
 n - an uncursed ring of protection from fire {unknown}
   (You found it on level 2 of the Dungeon)
Wands
 o - a wand of iceblast (8/15)
   (You found it on level 3 of the Dungeon)
Scrolls
 d - 3 scrolls of identify {unknown}
 f - a scroll of noise {unknown}
 h - 3 scrolls of magic mapping {unknown}
 i - a scroll of enchant armour {unknown}
 j - 4 scrolls of amnesia {unknown}
 k - a scroll of remove curse {unknown}
Potions
 e - a potion of cure mutation {!q}
 g - a potion of curing
 l - a potion of degeneration {!q}
 p - 2 potions of lignification {unknown}
Books
 b - a book of Flames
Comestibles
 c - 2 bread rations {@e1}


   Skills:
 - Level 2.4 Dodging
 - Level 2.4 Stealth
 + Level 4.2 Spellcasting
 + Level 2.5 Conjurations
 + Level 4.1 Fire Magic


You had 5 spell levels left.
You knew the following spells:

 Your Spells              Type           Power        Failure   Level  Hunger
a - Flame Tongue          Conj/Fire      ###..        3%          1    None
c - Conjure Flame         Conj/Fire      ###.....     12%         3    ###....
x - Throw Flame           Conj/Fire      ###...       6%          2    #......


Dungeon Overview and Level Annotations

Branches:
Dungeon (3/15)

Altars:
Sif Muna


Message History

Aim: an adder (moderately wounded)
The flame tongue hits the adder.
The adder bites you. x2
You are poisoned.
The adder poisons you!
You take 4 damage, and have 15/19 hp.
MASSIVE DAMAGE!!
You now have 7/10 mp.
Aim: an adder (heavily wounded)
The flame tongue hits the adder.
You kill the adder!
You have reached level 4!
You feel clever.
You feel sick.
You regained 3 hp, and now have 18/24 hp.
You start resting.
You feel sick. x4
You are no longer poisoned.
You take 2 damage, and have 16/24 hp.
You regained 2 mp, and now have 9/12 mp.
You start resting.
Health restored: 24; MP restored: 12
o - a wand of iceblast (?/15)
You see here a quokka corpse.
A giant cockroach comes into view.
A giant cockroach is nearby!
Found a stone staircase leading down.
Aim: a giant cockroach (clinging)
The flame tongue hits the giant cockroach.
The giant cockroach appears unharmed.
You now have 11/12 mp.
Aim: a giant cockroach (clinging)
The flame tongue hits the giant cockroach.
The giant cockroach closely misses you.
You now have 10/12 mp.
Aim: a giant cockroach (lightly wounded, clinging)
The flame tongue hits the giant cockroach.
You kill the giant cockroach!
You now have 9/12 mp.
You can't see any susceptible monsters within range! (Use Z to cast anyway.)
You now have 95 gold pieces (gained 20).
p - 2 fuming black potions As you open the door, it creaks loudly!
There is an open door here.
You now have 109 gold pieces (gained 14).
You are feeling hungry.
MP restored: 12 You may need something to eat soon, looking for food.
Can't find anything matching that.
Sorry, you're not good enough to have a special ability.
You open the door.
There is an open door here.
Things that are here:
a ring mail; an orc skeleton
Found an escape hatch in the floor.
Found an escape hatch in the ceiling.
You enter a teleport trap!
The teleport trap disappears.
Your surroundings suddenly seem different.
You may need something to eat soon, looking for food.
Can't find anything matching that.
Sorry, you're not good enough to have a special ability.
j - 4 scrolls labeled TEISET TUIBB (gained 1)
You open the door.
There is an open door here.
c - 2 bread rations {@e1} (gained 1)
q - a pair of gloves An orc comes into view.
It is wielding a mace of holy wrath.
The orc shouts! 2 orcs come into view.
An orc comes into view. It is wielding a flail.
An orc comes into view. It is wielding a hand axe.
The orc shouts!
Aim: an orc, wielding a mace of holy wrath The flame tongue hits the orc.
The orc shouts! x2
You now have 11/12 mp.
Aim: an orc, wielding a mace of holy wrath (moderately wounded)
The flame tongue hits the orc.
You kill the orc!
You now have 10/12 mp.
Aim: an orc, wielding a flail The flame tongue hits the orc.
You now have 9/12 mp.
Aim: an orc, wielding a flail (heavily wounded)
The flame tongue hits the orc.
The orc hits you with a flail!
You take 9 damage, and have 15/24 hp.
MASSIVE DAMAGE!!
You now have 8/12 mp.
Aim: an orc, wielding a flail (severely wounded)
The flame tongue misses the orc.
The orc hits you with a flail!
* * * LOW HITPOINT WARNING * * *
You take 10 damage, and have 5/24 hp.
MASSIVE DAMAGE!!
You now have 7/12 mp.
Aim: an orc, wielding a flail (heavily wounded)
The flame tongue hits the orc.
The orc barely misses you.
You now have 7/12 mp.
Aim: an orc, wielding a flail (almost dead)
The flame tongue misses the orc.
The orc hits you with a flail!
You die...

#.........
###.........
#..........P
###...........
#.'..........P
#.#...........
#.#.........#
#.#.........#
#@#.........#
#o#.........#
#o#.........#
#o#...........
#o#.........##
#.######.....
... .#### #..
# ....


You could see 4 orcs.

Vanquished Creatures
  3 adders
  A worm (D:2)
  A dart slug (D:1)
  A leopard gecko (D:2)
  2 orcs (D:3)
  A ball python (D:2)
  6 bats
  2 giant cockroaches
  3 goblins (D:2)
  5 hobgoblins
  2 quokkas
  A frilled lizard (D:1)
  3 kobolds (D:1)
  4 rats (D:1)
35 creatures vanquished.

Notes
Turn   | Place    | Note
-------+----------+-------------------------------------------
     0 | D:1      | drasked the Deep Elf Fire Elementalist began the quest for the Orb.
     0 | D:1      | Reached XP level 1. HP: 10/10 MP: 6/6
   291 | D:1      | Reached XP level 2. HP: 15/15 MP: 1/8
  1034 | D:2      | Reached skill level 2 in Conjurations
  1119 | D:2      | Reached XP level 3. HP: 19/19 MP: 5/10
  1123 | D:2      | Learned a level 2 spell: Throw Flame
  1127 | D:2      | Learned a level 3 spell: Conjure Flame
  1293 | D:2      | Found a deep blue altar of Sif Muna.
  1505 | D:2      | Reached skill level 4 in Spellcasting
  1505 | D:2      | Reached skill level 4 in Fire Magic
  1636 | D:3      | Reached XP level 4. HP: 19/24 MP: 7/12
  1947 | D:3      | HP: 5/24 [orc/flail (10)]
  1952 | D:3      | Slain by an orc

Vault maps used:
D:1:      sevenhm_arrival_forest_fort_small_4
D:2:      overflow_temple_1_default, minmay_octomino_e4
D:3:      general_overflow_altar, yredelemnul_altar_generic,
          minmay_crystal_water, minmay_stone_trees_small

Skill      XL: |  1  2  3 |
---------------+----------+-----
Conjurations   | 2 |  2.5
Spellcasting   | 4 |  4.2
Fire Magic     | 4 |  4.1
Dodging        | |  2.4
Stealth        | |  2.4

Action                   |  1- 3 |  4- 6 || total
-------------------------+-------+-------++-------
Melee: Unarmed           |     5 |       ||     5
 Cast: Flame Tongue      |    60 |    11 ||    71
  Use: Potion            |     3 |       ||     3
  Eat: Chunk             |     2 |       ||     2
Armor: Robe              |     8 |       ||     8
Dodge: Dodged            |    22 |     2 ||    24

Vault maps used:
D:1:      sevenhm_arrival_forest_fort_small_4
D:2:      overflow_temple_1_default, minmay_octomino_e4
D:3:      general_overflow_altar, yredelemnul_altar_generic,
          minmay_crystal_water, minmay_stone_trees_small

Table legend:
 A = Turns spent in this place as a percentage of turns spent in the entire game.
 B = Non-inter-level travel turns spent in this place as a percentage of non-inter-level travel turns spent in the entire game.
 C = Inter-level travel turns spent in this place as a percentage of turns spent in this place.
 D = Turns resting spent in this place as a percentage of non-inter-level travel turns spent in this place.
 E = Turns spent auto-exploring this place as a percentage of non-inter-level travel turns spent in this place.
 F = Non-inter-level travel turns spent in this place divided by the number of levels of this place that you've seen.
                   A       B       C       D       E      F
               +-------+-------+-------+-------+-------+----------------------
         Total | 100.0 | 100.0 |   0.9 |   3.8 |  15.1 | 176.7
       Dungeon | 100.0 | 100.0 |   0.9 |   3.8 |  15.1 | 176.7
               +-------+-------+-------+-------+-------+----------------------

Table legend:
 A = Kills in this place as a percentage of kills in entire the game.
 B = Kills by you in this place as a percentage of kills by you in the entire game.
 C = Kills by friends in this place as a percentage of kills by friends in the entire game.
 D = Other kills in this place as a percentage of other kills in the entire game.
 E = Experience gained in this place as a percentage of experience gained in the entire game.
 F = Experience gained in this place divided by the number of levels of this place that you have seen.
                   A       B       C       D       E      F
               +-------+-------+-------+-------+-------+----------------------
         Total | 100.0 | 100.0 |  -nan |  -nan | 100.0 |  34.0
       Dungeon | 100.0 | 100.0 |  -nan |  -nan | 100.0 |  34.0
               +-------+-------+-------+-------+-------+----------------------
